 Dungeon Crawl Stone Soup version 0.23-a0-151-gf6d1ed2717 (webtiles) character file.

893 Jesh the Covert (level 7, -4/32 HPs)
             Began as a Spriggan Enchanter on Sept 8, 2018.
             Was an Initiate of Dithmenos.
             Slain by Prince Ribbit (17 damage)
             ... on level 5 of the Dungeon.
             The game lasted 00:16:13 (7637 turns).

Jesh the Covert (Spriggan Enchanter)                Turns: 7637, Time: 00:16:14

Health: -4/32      AC:  3    Str:  5    XL:     7   Next: 78%
Magic:  15/15      EV: 18    Int: 17    God:    Dithmenos [......]
Gold:   221        SH:  0    Dex: 17    Spells: 3/15 levels left

rFire    . . .     SeeInvis +   q - +1 short sword (speed)
rCold    . . .     Gourm    .   (shield restricted)
rNeg     . . .     Faith    .   b - +0 robe
rPois    .         Spirit   .   (helmet restricted)
rElec    .         Reflect  .   f - +0 cloak {MR+}
rCorr    .         Harm     .   (gloves unavailable)
MR       ++...                  (boots unavailable)
Stlth    +++++.....             p - amulet of magic regeneration
HPRegen  0.10/turn              c - ring of flight
MPRegen  0.39/turn              (no ring)

@: very quick
A: very small, unfitting armour, horns 1, see invisible, herbivore, speed 3,
slow metabolism 2
a: Renounce Religion, Evoke Flight


You were on level 5 of the Dungeon.
You worshipped Dithmenos.
Dithmenos was noncommittal.
You were not hungry.

You visited 2 branches of the dungeon, and saw 6 of its levels.

You collected 221 gold pieces.

Inventory:

Hand Weapons
 a - a +2 dagger
 q - a +1 short sword of speed (weapon)
 r - a +0 rapier
Armour
 b - a +0 robe (worn)
 f - a +0 cloak of magic resistance (worn)
Jewellery
 c - a ring of flight (left hand)
 g - an uncursed ring of ice
 p - an amulet of magic regeneration (around neck)
Wands
 j - a wand of random effects (17)
 s - a wand of scattershot (9)
Scrolls
 e - 2 scrolls of remove curse
 l - a scroll of fog
 n - a scroll of teleportation
 o - a scroll of magic mapping
Potions
 h - a potion of flight
 i - a potion of agility
 k - a potion of resistance
Comestibles
 d - 5 rations


   Skills:
 - Level 1.1 Short Blades
 - Level 3.0 Dodging
 + Level 12.2 Stealth
 - Level 4.7 Spellcasting
 - Level 5.3 Hexes


You had 3 spell levels left.
You knew the following spells:

 Your Spells              Type           Power        Failure   Level  Hunger
a - Ensorcelled Hibernat  Hex/Ice        ##....       8%          2    #......
b - Corona                Hex            ###....      1%          1    None
c - Confuse               Hex            ###.....     4%          3    ###....
d - Tukima's Dance        Hex            ###.....     4%          3    ###....
e - Dazzling Spray        Conj/Hex       ##....       14%         3    ###....

Your spell library contained the following spells:

 Spells                   Type           Power        Failure   Level  Hunger


Dungeon Overview and Level Annotations

Branches:
Dungeon (5/15)             Temple (1/1) D:5

Altars:
Ashenzari
Cheibriados
Dithmenos
Fedhas
Gozag
Hepliaklqana
Makhleb
Nemelex Xobeh
Okawaru
Qazlal
Ru
Trog
Wu Jian
Xom
Yredelemnul
Zin

Annotations:
D:5 Prince Ribbit


Innate Abilities, Weirdness & Mutations

You are very small and have problems with some larger weapons.
You are too small for most types of armour.
You have supernaturally acute eyesight. (SInv)
You are a herbivore.
You cover ground extremely quickly.
You need to consume almost no food.
You have a pair of small horns on your head.


Message History

No target in view!
No target in view!
No target in view!
You start resting.
Magic restored.
You start resting.
HP restored.
You start waiting.
Done waiting.
There is a staircase back to the Dungeon here.
You climb upwards.
Welcome back to the Dungeon!
Level annotation: Prince Ribbit Prince Ribbit closely misses you.
The centaur shoots an arrow.
The arrow closely misses you. Prince Ribbit hits you!
There is a staircase to the Ecumenical Temple, spattered with blood here.
You see here an arrow.
Unknown command.
The centaur shoots an arrow.
The arrow hits you! Prince Ribbit hits you!
Ouch! That really hurt!
You die...

###.......# ....
#......##.##### #....
#.#.##........###...#
#.#.#####...........#
###.#.#####.#.#.#.#.#.#
....#.................#
.##########.#..(....#.#
.# #..(((......# .#
#.#...@...#.# ##
#.....F...c.# #
#.#.......#... ####
............... ...#
..#.#.#.#.#.#... ##.#
..............## ##.#
.#.###..###### # ##.#
## .#.# # ##.# #.# #


You could see Prince Ribbit and a centaur.

Vanquished Creatures
  Sigmund (D:3)
  An ogre (Temple)
  An orc warrior (D:5)
  Blork the orc (D:4)
  2 orc priests
  Crazy Yiuf (D:2)
  Natasha (thrice) (D:3 Temple)
  An iguana (D:5)
  2 orc wizards (D:5)
  Robin (D:4)
  9 adders
  2 adder skeletons (D:4)
  3 worms (D:2)
  5 dart slugs
  5 leopard geckos
  14 orcs
  11 giant cockroaches
  17 goblins
  7 hobgoblins
  2 jackals (D:2)
  9 kobolds
  3 quokkas
  A ball python (D:1)
  9 bats
  6 frilled lizards
  10 rats
127 creatures vanquished.

Vanquished Creatures (collateral kills)
  A goblin (D:4)
1 creature vanquished.

Grand Total: 128 creatures vanquished

Notes
Turn   | Place    | Note
-------+----------+-------------------------------------------
     0 | D:1      | Jesh the Spriggan Enchanter began the quest for the Orb.
     0 | D:1      | Reached XP level 1. HP: 9/9 MP: 5/5
   164 | D:1      | Reached XP level 2. HP: 4/13 MP: 4/7
   168 | D:1      | Learned a level 2 spell: Ensorcelled Hibernation
  1140 | D:1      | Reached XP level 3. HP: 10/16 MP: 9/9
  1724 | D:1      | Learned a level 3 spell: Confuse
  1728 | D:1      | Learned a level 3 spell: Tukima's Dance
  1842 | D:2      | Found a shattered altar of Ashenzari.
  2231 | D:2      | Found an ornate altar of the Wu Jian Council.
  2288 | D:2      | Gained mutation: You have a pair of small horns on your
                  | head. [potion of mutation]
  2292 | D:2      | Reached skill level 5 in Hexes
  2292 | D:2      | Reached XP level 4. HP: 6/21 MP: 8/11
  2702 | D:2      | Learned a level 3 spell: Dazzling Spray
  3017 | D:2      | Reached skill level 5 in Stealth
  3017 | D:2      | Reached XP level 5. HP: 17/24 MP: 8/13
  3488 | D:2      | Found a runed door.
  3492 | D:2      | Noticed Crazy Yiuf
  3496 | D:2      | Killed Crazy Yiuf
  3496 | D:2      | Reached skill level 6 in Stealth
  3936 | D:3      | Found a shimmering altar of Xom.
  4000 | D:3      | Noticed Natasha
  4020 | D:3      | Killed Natasha
  4020 | D:3      | Reached skill level 7 in Stealth
  4553 | D:3      | Noticed Sigmund
  4561 | D:3      | Noticed Natasha
  4568 | D:3      | Killed Sigmund
  4568 | D:3      | Reached skill level 9 in Stealth
  4568 | D:3      | Reached XP level 6. HP: 27/28 MP: 11/14
  4657 | D:3      | Found an opulent altar of Gozag.
  4858 | D:3      | Killed Natasha
  5074 | D:3      | Found a blossoming altar of Fedhas.
  5267 | D:4      | Noticed Robin
  5691 | D:4      | Noticed Blork the orc
  5693 | D:4      | Killed Blork the orc
  5693 | D:4      | Reached skill level 10 in Stealth
  5693 | D:4      | Reached XP level 7. HP: 32/32 MP: 15/15
  5857 | D:4      | Found a basalt altar of Yredelemnul.
  5857 | D:4      | Found a glowing silver altar of Zin.
  6107 | D:4      | Killed Robin
  6321 | D:5      | Entered Level 5 of the Dungeon
  6404 | D:5      | Reached skill level 11 in Stealth
  6967 | D:5      | Found a staircase to the Ecumenical Temple.
  6973 | D:5      | Noticed Prince Ribbit
  6975 | D:5      | Noticed Natasha
  6981 | Temple   | Entered the Ecumenical Temple
  6984 | Temple   | Reached skill level 12 in Stealth
  7470 | Temple   | Became a worshipper of Dithmenos the Shadowed
  7495 | Temple   | Killed Natasha
  7637 | D:5      | Slain by Prince Ribbit

Vault maps used:
D:1:      matt_arrival_spirals
D:2:      old_standard_altar, overflow_temple_1_default,
          kennysheep_generic_room_16, uniq_crazy_yiuf_cottage
D:3:      grunt_gozag_statues, fedhas_altar_fruit_tree, xom_butterflies,
          uniq_natasha, uniq_sigmund
D:4:      chequers_temple_overflow_statue_of_worship, first_ration, uniq_robin,
          uniq_blork_the_orc
D:5:      minmay_temple_entry_glass, guppyfry_early_orc_mine,
          uniq_prince_ribbit1
Temple:   compressed_dpeg_triangle_lava_temple

Skill      XL: |  1  2  3  4  5  6  7 |
---------------+----------------------+-----
Spellcasting   | 3 4 |  4.7
Hexes          | 4 5 |  5.3
Stealth        | 5 9 10 12 | 12.2
Short Blades   | |  1.1
Dodging        | |  3.0

Action                   |  1- 3 |  4- 6 |  7- 9 || total
-------------------------+-------+-------+-------++-------
Melee: Dagger            |   178 |   125 |    41 ||   344
       Headbutt          |       |     8 |     7 ||    15
       Short sword       |       |       |    26 ||    26
 Cast: Corona            |     4 |       |       ||     4
       Ensorcelled Hiber |    25 |    22 |    15 ||    62
       Confuse           |       |     4 |     4 ||     8
       Tukima's Dance    |       |       |     1 ||     1
       Dazzling Spray    |       |       |     1 ||     1
Evoke: Wand              |       |    11 |       ||    11
  Use: Scroll            |     6 |     6 |     2 ||    14
       Potion            |     2 |       |     1 ||     3
 Stab: Sleeping          |    19 |    30 |    11 ||    60
       Confused          |       |     3 |     3 ||     6
       Invisible         |       |       |     1 ||     1
  Eat: Ration            |       |     3 |     1 ||     4
Armor: Robe              |    29 |     8 |       ||    37
Dodge: Dodged            |   167 |    80 |    52 ||   299

Table legend:
 A = Non-vault XP
 B = Vault XP
 C = Vault XP percentage of total XP
 D = Non-vault monster count
 E = Vault monster count
 F = Vault count percentage of total count
                 A         B        C        D         E       F
            +---------+---------+-------+---------+---------+-------
      Total |     627 |     650 |  50.9 |     102 |      26 |  20.3
            +---------+---------+-------+---------+---------+-------
        D:1 |      55 |       0 |   0.0 |      31 |       0 |   0.0
        D:2 |     165 |      46 |  21.8 |      35 |       4 |  10.3
        D:3 |     141 |     263 |  65.1 |      24 |       2 |   7.7
        D:4 |      15 |     130 |  89.7 |       4 |      13 |  76.5
        D:5 |      88 |     211 |  70.6 |       6 |       7 |  53.8
     Temple |     163 |       0 |   0.0 |       2 |       0 |   0.0
            +---------+---------+-------+---------+---------+-------
